 Dungeon Crawl Stone Soup version 0.21.1-1-g345015fe64 (webtiles) character file.

93 Enjoyment the Poker (level 4, -10/41 HPs)
             Began as a Minotaur Berserker on June 21, 2018.
             Was a Believer of Trog.
             Mangled by an ogre
             ... wielding a +0 giant spiked club
              (23 damage)
             ... on level 2 of the Dungeon.
             The game lasted 00:02:33 (1263 turns).

Enjoyment the Poker (Minotaur Berserker)            Turns: 1263, Time: 00:02:33

Health: -10/41     AC:  2    Str: 22    XL:     4   Next: 36%
Magic:  3/3        EV: 12    Int:  4    God:    Trog [**....]
Gold:   62         SH:  0    Dex: 10    Spells: 3/3 levels left

rFire    . . .     SeeInvis .   a - +0 spear
rCold    . . .     Gourm    .   (no shield)
rNeg     . . .     Faith    .   b - +0 animal skin
rPois    .         Spirit   .   (helmet restricted)
rElec    .         Reflect  .   (no cloak)
rCorr    .         Harm     .   (no gloves)
MR       .....                  (no boots)
Stlth    +.........             (no amulet)
HPRegen  0.13/turn              (no ring)
MPRegen  0.08/turn              (no ring)

@: no status effects
A: retaliatory headbutt, horns 2
a: Berserk, Trog's Hand, Burn Spellbooks, Renounce Religion


You were on level 2 of the Dungeon.
You worshipped Trog.
Trog was pleased with you.
You were not hungry.

You visited 1 branch of the dungeon, and saw 2 of its levels.

You collected 62 gold pieces.

Inventory:

Hand Weapons
 a - a +0 spear (weapon)
Armour
 b - a +0 animal skin (worn)
Scrolls
 f - a scroll of identify {unknown}
 g - a scroll of fear {unknown}
Potions
 d - a potion of might {unknown}
 e - a potion of lignification {unknown}
Comestibles
 c - 2 rations


   Skills:
 + Level 4.7 Fighting
 + Level 5.0 Polearms
 + Level 2.8 Armour
 + Level 2.6 Dodging


You had 3 spell levels left.
You didn't know any spells.

Dungeon Overview and Level Annotations

Branches:
Dungeon (2/15)

Altars:
The Shining One


Innate Abilities, Weirdness & Mutations

You reflexively headbutt those who attack you in melee.
You have a pair of horns on your head.


Message History

The goblin shouts!
The goblin moves out of view.
You hit the ogre but do no damage. You headbutt the ogre.
The ogre is moderately wounded.
The goblin closely misses you. You furiously retaliate!
You headbutt the goblin.
You kill the goblin!
Trog accepts your kill. The ogre barely misses you. You furiously retaliate!
You headbutt the ogre! You hit the ogre. You headbutt the ogre.
The ogre is severely wounded.
You hit the ogre.
The ogre is severely wounded.
The ogre hits you with a giant spiked club!!
Ouch! That really hurt!
You barely miss the ogre.
The ogre is severely wounded.
The ogre hits you with a giant spiked club!!
Ouch! That really hurt!
You die...

..... .... #... #
####.. .# #..... ..##
####....###>...
.......O.....#
.......@.....#
......#......# .....
#......#
##########).....##
#........##†.......
#..................
#...........###....
#...........# #....#...
#...........###....#...


You could see an ogre.

Vanquished Creatures
  Jessica (D:2)
  Robin (D:2)
  A gnoll (D:1)
  A worm (D:2)
  A dart slug (D:1)
  3 leopard geckos (D:1)
  3 giant cockroaches
  13 goblins
  3 hobgoblins (D:2)
  A kobold (D:1)
  3 bats (D:1)
  2 frilled lizards (D:1)
  3 rats
36 creatures vanquished.

Notes
Turn   | Place    | Note
-------+----------+-------------------------------------------
     0 | D:1      | Enjoyment the Minotaur Berserker began the quest for the Orb.
     0 | D:1      | Reached XP level 1. HP: 19/19 MP: 0/0
   162 | D:1      | Reached XP level 2. HP: 27/27 MP: 1/1
   173 | D:1      | Reached skill level 4 in Polearms
   326 | D:1      | Found a glowing golden altar of the Shining One.
   653 | D:1      | Reached XP level 3. HP: 25/33 MP: 2/2
   893 | D:2      | Noticed Robin
   902 | D:2      | Reached ** piety under Trog
   903 | D:2      | Killed Robin
  1116 | D:2      | Noticed Jessica
  1131 | D:2      | Killed Jessica
  1131 | D:2      | Reached XP level 4. HP: 36/41 MP: 3/3
  1140 | D:2      | Reached skill level 5 in Polearms
  1258 | D:2      | Noticed an ogre
  1263 | D:2      | Mangled by an ogre

Skill      XL: |  1  2  3  4 |
---------------+-------------+-----
Fighting       | 4 |  4.7
Polearms       | 4 5 |  5.0
Armour         | |  2.8
Dodging        | |  2.6

Action                   |  1- 3 |  4- 6 || total
-------------------------+-------+-------++-------
Melee: Spear             |    61 |    14 ||    75
       Headbutt          |     6 |     4 ||    10
  Eat: Ration            |     1 |       ||     1
Armor: Animal skin       |     4 |     2 ||     6
Dodge: Dodged            |    47 |     6 ||    53
